 Dungeon Crawl Stone Soup version 0.16-a0-670-g3b10be2 (webtiles) character file.

88078 RobertPalmer the Imperceptible (level 15, -5/101 HPs)
             Began as an Octopode Assassin on Sept 19, 2014.
             Was an Initiate of Gozag.
             Slain by an alligator (9 damage)
             ... on Level 3 of the Swamp.
             The game lasted 02:29:28 (36464 turns).

RobertPalmer the Imperceptible (Octopode Assassin) Turns: 36464, Time: 02:29:29

HP  -5/101       AC  6     Str  8      XL: 15   Next: 92%
MP  33/33        EV 28     Int 18      God: Gozag
Gold 1306        SH 10     Dex 24      Spells:  7 memorised,  6 levels left

rFire  + + .     SeeInvis .     a - +9 short sword "Binlyst" {distort, rElec rF++ MR+ Str-4}
rCold  + + .     Clarity  .     X - +3 buckler
rNeg   + . .     rCorr    .     b - +2 hat
rPois  .         rRot     .     (no amulet)
rElec  +         Spirit   .     j - +1 ring of dexterity
SustAb .         Warding  .     F - ring of protection from cold
rMut   .         Stasis   .     u - ring of magical power
Gourm  .                        S - +3 ring of protection
MR     ++...                    T - ring of protection from fire
                                y - ring of ice
                                p - ring "Schiheth" {rElec Int+4 Regen}
                                Z - ring of positive energy

@: agile, silence (expiring), very resistant to hostile enchantments, uncannily
stealthy
A: almost no armour, amphibious, 8 rings, constrict 8, camouflage 1, gelatinous
body 1
a: no special abilities


You were on level 3 of the Swamp.
You worshipped Gozag.
Gozag was noncommittal.
You were not hungry.

You visited 5 branches of the dungeon, and saw 31 of its levels.
You also visited: Ossuary and Ice Cave.

You collected 9316 gold pieces.
You spent 4974 gold pieces at shops.
You paid 3036 gold pieces to Gozag.


Innate Abilities, Weirdness & Mutations

You cannot wear most types of armour.
You are amphibious.
You can wear up to eight rings at the same time.
You can use your tentacles to constrict many enemies at once.
Your skin changes colour to match your surroundings (Stealth).
Your rubbery body absorbs attacks (AC +1).


   Skills:
 - Level 9.0 Fighting
 - Level 8.1 Short Blades
 - Level 2.0 Throwing
 - Level 10.1 Dodging
 + Level 23.4 Stealth
 - Level 7.0 Shields
 - Level 3.8 Spellcasting
   Level 6.1 Conjurations
 - Level 3.3 Hexes
 - Level 5.1 Summonings
 - Level 9.0 Ice Magic


You had 6 spell levels left.
You knew the following spells:

 Your Spells              Type           Power        Failure   Level  Hunger
a - Ozocubu's Armour      Chrm/Ice       ####....     10%         3    ###....
b - Blink                 Tloc           N/A          28%         2    ##.....
e - Apportation           Tloc           #.........   17%         1    None
v - Confuse               Hex            ###.....     14%         3    ###....
x - Summon Ice Beast      Ice/Summ       #####...     10%         4    ####...
z - Freeze                Ice            ####         1%          1    None
R - Summon Butterflies    Summ           ###.....     1%          1    None

Inventory:

Hand weapons
 a - the +9 short sword "Binlyst" (weapon) {distort, rElec rF++ MR+ Str-4}
   (You bought it in a shop on level 11 of the Dungeon)

   It warps and distorts space around it.
   Unwielding it can cause banishment or high damage.
   It affects your strength (-4).
   It greatly protects you from fire.
   It insulates you from electricity.
   It affects your resistance to hostile enchantments.
Missiles
 A - 2 needles of paralysis
 Y - 5 throwing nets (quivered)
Armour
 b - a +2 hat (worn)
 X - a +3 buckler (worn)
Magical devices
 f - a wand of fire (6)
 l - a wand of heal wounds (3) {!d}
 q - a wand of draining (0)
 s - a wand of paralysis (7)
 v - a wand of digging (16)
 J - a wand of confusion (0)
 V - a wand of draining (0)
Comestibles
 g - 8 bread rations
 G - 21 meat rations
Scrolls
 c - 3 scrolls of fear
 e - a scroll of recharging
 k - a scroll of vulnerability
 n - a scroll of enchant armour
 r - 4 scrolls of amnesia
 t - 3 scrolls of remove curse
 E - 7 scrolls of blinking
 K - 4 scrolls of magic mapping
 M - a scroll of teleportation
 O - 7 scrolls of identify
 P - a scroll of brand weapon
Jewellery
 j - a +1 ring of dexterity (left tentacle)
 p - the ring "Schiheth" (on tentacle) {rElec Int+4 Regen}
   (You acquired it on level 9 of the Dungeon)

   [ring of regeneration]

   It affects your intelligence (+4).
   It insulates you from electricity.
   It increases your rate of regeneration.
 u - a ring of magical power (on tentacle)
 y - a ring of ice (on tentacle)
 F - a ring of protection from cold (right tentacle)
 S - a +3 ring of protection (on tentacle)
 T - a ring of protection from fire (on tentacle)
 Z - a ring of positive energy (on tentacle)
Potions
 i - 2 potions of brilliance
 m - 4 potions of haste
 o - 2 potions of curing
 w - 2 potions of porridge
 x - a potion of flight
 L - a potion of cure mutation
 N - 3 potions of agility
 Q - 2 potions of berserk rage
 R - a potion of restore abilities
 W - 4 potions of might
Books
 h - a book of Dreams
 C - a Grand Grimoire {highlevel, unknown}
 D - a Necronomicon {highlevel, unknown}
Miscellaneous
 I - a lamp of fire

Dungeon Overview and Level Annotations

Branches:
Dungeon (15/15)            Temple (1/1) D:4             Orc (4/4) D:12
    Elf (0/3) Orc:4          Lair (8/8) D:9           Swamp (3/5) Lair:6
 Spider (0/5) Lair:6        Slime (0/6) Lair:6       Vaults (0/5) D:14
 Depths (0/5) D:15

Altars:
Ashenzari
Cheibriados
Dithmenos
Elyvilon
Fedhas
Gozag
Kikubaaqudgha
Makhleb
Nemelex Xobeh
Okawaru
Qazlal
Ru
Sif Muna
Trog
Vehumet
Xom
Yredelemnul
Zin
The Shining One
Beogh

Shops:
D:5 *   D:6 *   D:11 (   D:15 *   Orc:1 [:!*   Orc:2 %(   Orc:4 [[%?

Annotations:
D:6 RobertPalmer's ghost, experienced OpAs
Swamp:2 Frances

♣♣.≈≈≈≈≈..≈♣.≈≈≈.≈..≈≈≈≈≈≈≈≈.♣♣
♣≈≈≈≈≈≈..♣♣.≈≈≈≈...≈≈≈..≈≈≈.♣♣
♣♣♣....≈♣≈.≈.§≈≈§≈≈....♣♣♣♣≈≈♣♣
♣♣...≈.....≈≈≈≈≈≈≈≈§≈♣♣♣ ♣♣♣♣≈
♣♣......≈≈.≈♣♣♣.≈.≈♣♣..♣ ♣...
♣.≈§.......♣♣♣≈..≈♣≈≈≈♣♣ ♣≈≈.
♣≈≈≈≈≈...♣♣..≈≈..♣≈≈≈≈≈♣♣♣ ♣≈≈≈
♣♣≈...≈.≈≈≈♣≈≈≈v≈♣≈≈≈≈≈≈≈.♣♣♣♣...
♣≈.♣...≈≈≈.≈.≈it@.≈≈≈≈≈≈♣...♣♣♣♣.
.♣≈≈≈.≈≈≈≈.≈...≈.≈.♣≈≈≈♣.....♣ ♣§
..≈≈≈≈§≈≈≈.♣♣...≈..≈♣≈≈≈≈≈♣.≈♣♣♣.
..≈≈≈≈≈≈≈..≈≈≈≈≈≈≈≈....≈..♣≈≈....
.$.≈≈.≈..♣≈≈≈.≈≈≈≈≈.≈≈≈≈≈≈♣♣≈....
≈♣♣≈≈♣♣♣♣♣.≈...≈≈≈≈≈..≈..♣♣♣♣≈≈.≈
♣♣♣♣ ♣♣≈♣♣..≈≈≈≈......≈≈.♣≈≈≈
♣♣♣♣≈≈≈≈........≈≈.♣≈≈≈
♣♣♣≈≈≈..♣♣...≈≈≈.♣≈.≈≈


You could see an alligator, a spriggan rider and an insubstantial wisp.


Message History

* * * LOW HITPOINT WARNING * * *
The alligator barely misses you.
You barely miss the alligator.
The alligator is lightly wounded.
Drink which item? (? for menu, Esc to quit)
You feel much better. The alligator barely misses you.
The alligator misses you.
You block the insubstantial wisp's attack.
The spriggan rider misses you. The alligator bites you!!
* * * LOW HITPOINT WARNING * * *
The alligator completely misses you.
You puncture the alligator!
Space warps horribly around the alligator!
You squeeze the alligator.
The alligator is heavily wounded.
You block the insubstantial wisp's attack.
The spriggan rider hits you from afar with a spear!
* * * LOW HITPOINT WARNING * * *
You closely miss the alligator.
The alligator is heavily wounded.
You block the alligator's attack. The alligator completely misses you.
The insubstantial wisp misses you.
You hit the alligator.
Space warps horribly around the alligator!
The alligator is severely wounded.
The alligator bites you!!
* * * LOW HITPOINT WARNING * * *
The alligator tail-slaps you!
You die...
Your body crumbles into a pile of gold.

Action                   |  1- 3 |  4- 6 |  7- 9 | 10-12 | 13-15 || total
-------------------------+-------+-------+-------+-------+-------++-------
Melee: Dagger            |    50 |   199 |    76 |       |       ||   325
       Cutlass           |       |       |   219 |   313 |   408 ||   940
       Short sword       |       |       |       |       |   746 ||   746
 Fire: Blowgun           |     7 |    21 |    28 |    31 |    40 ||   127
Throw: Tomahawk          |       |     8 |     6 |       |       ||    14
       Throwing net      |       |       |     2 |       |     3 ||     5
 Cast: Freeze            |       |       |    13 |    61 |   114 ||   188
       Ozocubu's Armour  |       |       |     4 |    23 |    54 ||    81
       Summon Ice Beast  |       |       |       |    89 |   236 ||   325
       Throw Icicle      |       |       |       |     1 |    29 ||    30
       Blink             |       |       |       |       |     4 ||     4
       Summon Butterflie |       |       |       |       |     2 ||     2
Invok: Potion Petition   |       |       |       |     1 |     3 ||     4
       Call Merchant     |       |       |       |     1 |     1 ||     2
Evoke: Wand              |       |       |     9 |    24 |    31 ||    64
       Lamp of fire      |       |       |       |       |     2 ||     2
  Use: Scroll            |     4 |     1 |    15 |    20 |    26 ||    66
       Potion            |       |     6 |     2 |     3 |    21 ||    32
 Stab: Sleeping          |     8 |    16 |    34 |    57 |   134 ||   249
       Distracted        |       |     2 |     5 |    14 |    37 ||    58
       Held in net/web   |       |       |     1 |       |     1 ||     2
       Invisible         |       |       |       |       |     3 ||     3
       Betrayed ally     |       |       |       |       |     1 ||     1
       Paralysed         |       |       |       |       |     1 ||     1
  Eat: Chunk             |       |     7 |     6 |     1 |       ||    14
       Fruit             |       |     1 |     1 |    18 |    10 ||    30
       Bread ration      |       |       |     2 |       |    13 ||    15
       Beef jerky        |       |       |     1 |     1 |    10 ||    12
       Meat ration       |       |       |     1 |     1 |       ||     2
       Royal jelly       |       |       |       |     1 |     2 ||     3
       Pizza             |       |       |       |       |     3 ||     3

Vault maps used:
D:1:      evilmike_arrival_come_back, nemelex_altar_shiori
D:3:      kennysheep_the_goblin_king
D:4:      temple_statues, nicolae_ossuary_entry_monument, minmay_bat_box
D:5:      first_bread, nicolae_gozag_zags_fifth_avenue, uniq_duvessa, uniq_iyjb,
          uniq_menkaure
D:6:      nicolae_qazlal_style_of_elements, serial_shops,
          nicolae_shop_waterfront, uniq_prince_ribbit1
D:7:      basic_altar, serial_glass, glass_columns_a, glass_columns_b
D:8:      lemuel_doored_altar, minmay_small_thing
D:9:      gammafunk_temple_overflow_elements, makhleb_grotto_becter,
          kiku_gazebo_pond_becter, nicolae_overflow_hidden_temple
D:10:     hangedman_fish_farm, bloody_trog
D:12:     orc_0_dummy, kennysheep_generic_room_12, uniq_nessos
D:13:     makhleb_altar_promises_db, uniq_josephine, uniq_sonja
D:14:     lightli_vaults_fourway_checkpoint, minmay_misc_feat_encased
D:15:     grunt_enter_depths_hoard, tso_altar
Temple:   eino_wide_crystal_templ_10
Orc:1:    serial_shops, shop, shop, shop, shop, nicolae_shop_waterfront,
          okawaru_metal_pillars_1_2, uniq_erolcha
Orc:2:    serial_shops, nicolae_shop_trees, shop,
          nicolae_shop_overgrown_old_shop
Orc:3:    nicolae_orc_pool_cavern
Orc:4:    nicolae_orc_accident_2, basic_altar, grunt_orc_tribal_feast
Lair:1:   uniq_harold
Lair:3:   basic_altar, lemuel_fruit_fields, uniq_fannar
Lair:4:   serial_bayou_pond_c, minivault_24, roderic_lost_polar_bear,
          grunt_megastairs_4
Lair:5:   forest_paths
Lair:6:   nicolae_swamp_entry_splash_gauntlet, dummy_spider_entry, slime_dummy,
          portal_ice_cave_entry_imps, serial_bayou_shore_a
Lair:8:   wormcave, hangedman_lair_in_review, st_stairs_10, uniq_snorg,
          uniq_erica
Swamp:1:  evilmike_swamp_ruin_house_3, uniq_frances
Swamp:2:  hangedman_swamp_ruin_hall, swamp_pool4, infiniplex_staircase_pool
Swamp:3:  evilmike_swamp_ruin_house_4, swamp_pool2
Ossuary:  ossuary_tomb_1
IceCv:    ice_cave_statue_garden_02

Notes
Turn   | Place    | Note
--------------------------------------------------------------
     0 | D:1      | RobertPalmer, the Octopode Assassin, began the quest for the Orb.
     0 | D:1      | Reached XP level 1. HP: 14/14 MP: 1/1
     9 | D:1      | Noticed a centaur
    92 | D:1      | Found a sparkling altar of Nemelex Xobeh.
   153 | D:1      | Reached XP level 2. HP: 19/19 MP: 2/2
   263 | D:1      | Reached skill level 6 in Stealth
   496 | D:2      | Reached XP level 3. HP: 24/24 MP: 3/3
   735 | D:2      | Reached skill level 7 in Stealth
  1166 | D:2      | Reached XP level 4. HP: 29/29 MP: 4/4
  1468 | D:3      | Reached skill level 2 in Dodging
  1821 | D:3      | Reached XP level 5. HP: 31/34 MP: 5/5
  2009 | D:3      | Reached skill level 3 in Dodging
  2326 | D:3      | Noticed Ijyb
  2384 | D:3      | Killed Ijyb
  2466 | D:3      | Reached skill level 4 in Dodging
  2562 | D:3      | Reached XP level 6. HP: 34/39 MP: 6/6
  2908 | D:4      | Found a sand-covered staircase.
  2928 | D:4      | Reached skill level 5 in Dodging
  2977 | Ossuary  | Entered an ossuary
  3539 | Ossuary  | Reached skill level 6 in Dodging
  3539 | Ossuary  | Reached XP level 7. HP: 8/45 MP: 7/7
  4250 | D:4      | Found a staircase to the Ecumenical Temple.
  4506 | Temple   | Entered the Ecumenical Temple
  4590 | D:5      | Entered Level 5 of the Dungeon
  4592 | D:5      | Reached skill level 8 in Stealth
  4629 | D:5      | Noticed Menkaure
  4951 | D:5      | Identified a scroll of acquirement
  4952 | D:5      | Got a faintly glowing cutlass
  4958 | D:5      | Identified the +8 cutlass of Saer {freeze, Dex+1} (You acquired it on level 5 of the Dungeon)
  5092 | D:6      | Found Adiv's Assorted Antiques.
  5097 | D:6      | Bought a potion of heal wounds for 69 gold pieces
  5116 | D:6      | HP: 4/45 [phantom (9)]
  5124 | D:6      | Reached skill level 3 in Short Blades
  5367 | D:6      | Noticed Prince Ribbit
  5408 | D:6      | Reached skill level 4 in Short Blades
  5432 | D:6      | Reached XP level 8. HP: 50/50 MP: 8/8
  5494 | D:6      | Reached skill level 5 in Short Blades
  5542 | D:6      | Noticed RobertPalmer's ghost (experienced OpAs)
  6542 | D:5      | Reached skill level 6 in Short Blades
  6600 | D:5      | Noticed Duvessa
  6942 | D:5      | Noticed Dowan
  6982 | D:5      | Found Gozag's Platinum Reserve.
  6983 | D:5      | Found an opulent altar of Gozag.
  7258 | D:5      | Became a worshipper of Gozag Ym Sagoz the Greedy
  7329 | D:5      | Reached skill level 7 in Short Blades
  7715 | D:5      | Killed Dowan
  7940 | D:5      | Killed Duvessa
  7940 | D:5      | Reached skill level 8 in Short Blades
  8126 | D:5      | Learned a level 1 spell: Freeze
  8130 | D:5      | Learned a level 3 spell: Ozocubu's Armour
  8228 | D:6      | Noticed a water elemental
  8229 | D:6      | Found a stormy altar of Qazlal.
  8232 | D:6      | Noticed an air elemental
  8232 | D:6      | Noticed a fire elemental
  8314 | D:5      | Killed Menkaure
  8314 | D:5      | Reached skill level 2 in Ice Magic
  8314 | D:5      | Reached XP level 9. HP: 54/54 MP: 9/9
  8379 | D:6      | Killed Prince Ribbit
  8379 | D:6      | Reached skill level 3 in Ice Magic
  8438 | D:6      | Reached skill level 4 in Ice Magic
  8604 | D:7      | Found a blossoming altar of Fedhas.
  8890 | D:7      | Reached skill level 5 in Ice Magic
  9415 | D:7      | Reached skill level 6 in Ice Magic
  9515 | D:8      | Learned a level 4 spell: Summon Ice Beast
  9616 | D:8      | Found a sacrificial altar of Ru.
  9797 | D:8      | Reached skill level 9 in Stealth
  9847 | D:8      | Reached skill level 1 in Summonings
  9906 | D:8      | Reached skill level 2 in Summonings
 10107 | D:8      | Reached skill level 3 in Summonings
 10180 | D:8      | Reached skill level 4 in Summonings
 10485 | D:9      | Reached skill level 5 in Summonings
 10485 | D:9      | Reached XP level 10. HP: 60/60 MP: 10/10
 10537 | D:9      | Found a staircase to the Lair.
 10550 | D:9      | Found an ancient bone altar of Kikubaaqudgha.
 11129 | D:9      | Found a blossoming altar of Fedhas.
 11129 | D:9      | Found a glowing silver altar of Zin.
 11151 | D:9      | Reached skill level 7 in Ice Magic
 11547 | D:9      | Reached skill level 8 in Ice Magic
 11644 | D:9      | Found a burning altar of Makhleb.
 11729 | D:9      | Found an opulent altar of Gozag.
 11729 | D:9      | Found a sparkling altar of Nemelex Xobeh.
 11731 | D:9      | Found a radiant altar of Vehumet.
 12091 | D:9      | Got a heavily runed amber ring
 12092 | D:9      | Identified the ring "Schiheth" {rElec Int+4 Regen} (You acquired it on level 9 of the Dungeon)
 12247 | D:10     | Entered Level 10 of the Dungeon
 12676 | D:10     | Found a bloodstained altar of Trog.
 12948 | D:10     | Noticed a hill giant
 12981 | D:10     | Killed a hill giant
 12981 | D:10     | Reached skill level 2 in Spellcasting
 13001 | D:10     | Learned a level 4 spell: Throw Icicle
 13210 | D:10     | Noticed a hill giant
 13220 | D:10     | Reached skill level 1 in Shields
 13404 | D:10     | Killed a hill giant
 13404 | D:10     | Reached skill level 2 in Shields
 13414 | D:10     | Reached skill level 3 in Shields
 13794 | D:10     | Noticed a green ugly thing
 13821 | D:10     | Killed a green ugly thing
 13821 | D:10     | Reached skill level 4 in Shields
 13835 | D:10     | Reached XP level 11. HP: 64/64 MP: 18/18
 13876 | Lair:1   | Entered Level 1 of the Lair of Beasts
 13960 | Lair:1   | Got a faintly glowing jade ring
 13963 | Lair:1   | Identified the ring "Garhirr" {-Tele Str+3 Dex+1 Regen} (You acquired it on level 1 of the Lair of Beasts)
 14004 | Lair:1   | Noticed Harold
 14008 | Lair:1   | Killed Harold
 14008 | Lair:1   | Reached skill level 6 in Shields
 14181 | Lair:1   | Reached skill level 7 in Shields
 14276 | Lair:1   | Reached skill level 1 in Conjurations
 14383 | Lair:1   | Reached skill level 2 in Conjurations
 14671 | Lair:2   | Reached skill level 3 in Conjurations
 14819 | Lair:2   | Reached skill level 4 in Conjurations
 15084 | Lair:2   | Reached skill level 5 in Conjurations
 15093 | Lair:2   | Reached skill level 10 in Stealth
 15593 | Lair:2   | Reached skill level 11 in Stealth
 15736 | Lair:3   | Noticed a five-headed hydra
 15752 | Lair:3   | Killed a five-headed hydra
 15811 | Lair:3   | Noticed a five-headed hydra
 15825 | Lair:3   | Killed a five-headed hydra
 15825 | Lair:3   | Reached skill level 12 in Stealth
 16136 | Lair:3   | Reached XP level 12. HP: 64/70 MP: 6/18
 16162 | Lair:3   | Reached skill level 13 in Stealth
 16349 | Lair:3   | Found a shattered altar of Ashenzari.
 16354 | Lair:3   | Noticed a four-headed hydra
 16387 | Lair:3   | Killed a five-headed hydra
 16464 | Lair:3   | Noticed Fannar
 16472 | Lair:3   | Killed Fannar
 16472 | Lair:3   | Reached skill level 14 in Stealth
 16861 | Lair:4   | Reached skill level 15 in Stealth
 17934 | Lair:5   | Reached skill level 16 in Stealth
 17979 | Lair:5   | Noticed a seven-headed hydra
 17983 | Lair:5   | Killed an eight-headed hydra
 18063 | Lair:5   | Reached skill level 17 in Stealth
 18537 | Lair:5   | Reached XP level 13. HP: 58/74 MP: 3/20
 18693 | Lair:5   | Reached skill level 18 in Stealth
 19067 | Lair:6   | Found a frozen archway.
 19111 | IceCv    | Entered an ice cave
 20026 | IceCv    | Noticed bronies4ever's ghost (powerful VSEn)
 20383 | IceCv    | Killed bronies4ever's ghost
 20383 | IceCv    | Reached skill level 6 in Conjurations
 20449 | Lair:6   | Found a hole to the Spider Nest.
 21024 | Lair:6   | Reached skill level 9 in Ice Magic
 21055 | Lair:6   | Reached skill level 19 in Stealth
 21265 | Lair:6   | Found a staircase to the Swamp.
 21437 | Lair:6   | Found a staircase to the Slime Pits.
 22091 | Lair:7   | Reached skill level 20 in Stealth
 22498 | Lair:7   | Reached skill level 7 in Dodging
 22732 | Lair:7   | Identified a potion of resistance
 22870 | Lair:6   | Reached skill level 8 in Dodging
 23178 | Lair:7   | Reached XP level 14. HP: 71/81 MP: 8/20
 23530 | Lair:7   | Reached skill level 9 in Dodging
 24158 | Lair:7   | Reached skill level 10 in Dodging
 24420 | Lair:8   | Entered Level 8 of the Lair of Beasts
 24577 | Lair:8   | Noticed Erica
 24583 | Lair:8   | Killed Erica
 25148 | Lair:8   | Reached skill level 21 in Stealth
 25611 | Lair:6   | Noticed an acid blob
 25952 | D:11     | Found Veoxuil's Weapon Shop.
 25957 | D:11     | Bought the +9 short sword "Binlyst" {distort, rElec rF++ MR+ Str-4} for 974 gold pieces
 26981 | D:12     | Found a staircase to the Orcish Mines.
 27084 | D:12     | Noticed Nessos
 27147 | D:12     | Killed Nessos
 27299 | D:12     | Reached skill level 3 in Spellcasting
 27989 | D:13     | Found a burning altar of Makhleb.
 28262 | D:13     | Reached skill level 22 in Stealth
 28276 | D:13     | Noticed Sonja
 28287 | D:13     | Killed Sonja
 28401 | D:13     | Noticed Josephine
 28450 | D:13     | Killed Josephine
 28450 | D:13     | Reached skill level 3 in Fighting
 28634 | D:13     | Gained mutation: Your muscles are strong. (Str +2) [potion of beneficial mutation]
 28825 | D:12     | Reached skill level 4 in Fighting
 28841 | Orc:1    | Entered Level 1 of the Orcish Mines
 28939 | Orc:1    | Found Twuquepu's Armour Shoppe.
 28942 | Orc:1    | Found Ocseicat's Distillery.
 28988 | Orc:1    | Found an iron altar of Okawaru.
 29012 | Orc:1    | Found Puqan's General Store.
 29017 | Orc:1    | Found Rah Ekhlo's Book Boutique.
 29020 | Orc:1    | Bought a +1 hat for 154 gold pieces
 29020 | Orc:1    | Bought a meat ration for 70 gold pieces
 29036 | Orc:1    | Noticed Erolcha
 29043 | Orc:1    | Found Mnauzxen's Food Shop.
 29044 | Orc:1    | Killed Erolcha
 29058 | Orc:1    | Bought a beef jerky for 18 gold pieces
 29058 | Orc:1    | Bought a bread ration for 60 gold pieces
 29058 | Orc:1    | Bought a slice of pizza for 18 gold pieces
 29058 | Orc:1    | Bought a meat ration for 60 gold pieces
 29058 | Orc:1    | Bought a royal jelly for 24 gold pieces
 29058 | Orc:1    | Bought a beef jerky for 18 gold pieces
 29058 | Orc:1    | Bought a bread ration for 60 gold pieces
 29058 | Orc:1    | Bought 3 fruits for 54 gold pieces
 29294 | Orc:2    | Found Poytoh's Weapon Shoppe.
 29501 | Orc:2    | Found Potih's Food Shop.
 29506 | Orc:2    | Bought a bread ration for 60 gold pieces
 29506 | Orc:2    | Bought a meat ration for 60 gold pieces
 29506 | Orc:2    | Bought a beef jerky for 18 gold pieces
 29506 | Orc:2    | Bought a beef jerky for 18 gold pieces
 29506 | Orc:2    | Bought a slice of pizza for 18 gold pieces
 29506 | Orc:2    | Bought a meat ration for 60 gold pieces
 29506 | Orc:2    | Bought a bread ration for 60 gold pieces
 29506 | Orc:2    | Bought a meat ration for 60 gold pieces
 29694 | Orc:3    | Got a transparent amber ring
 29695 | Orc:3    | Identified the ring of Qauh {-Cast rF++ rN+ Regen} (You acquired it on level 3 of the Orcish Mines)
 30030 | Orc:4    | Entered Level 4 of the Orcish Mines
 30171 | Orc:4    | Found a staircase to the Elven Halls.
 30213 | Orc:4    | Found a roughly hewn altar of Beogh.
 30285 | Orc:4    | Reached skill level 5 in Fighting
 30285 | Orc:4    | Reached XP level 15. HP: 89/92 MP: 24/24
 30588 | Orc:4    | Reached skill level 6 in Fighting
 30608 | Orc:4    | Found Shyithrus' Antique Armour Boutique.
 30608 | Orc:4    | Found Acao's Antique Armour Emporium.
 30612 | Orc:4    | Found Qaraniep's Food Boutique.
 30626 | Orc:4    | Found Ixouzxu's Magic Scroll Emporium.
 30671 | Orc:4    | Bought a meat ration for 65 gold pieces
 30671 | Orc:4    | Bought a bread ration for 65 gold pieces
 30671 | Orc:4    | Bought a bread ration for 65 gold pieces
 30671 | Orc:4    | Bought a meat ration for 65 gold pieces
 30671 | Orc:4    | Bought a meat ration for 65 gold pieces
 30672 | Orc:4    | Bought a meat ration for 65 gold pieces
 30672 | Orc:4    | Bought a bread ration for 65 gold pieces
 30674 | Orc:4    | Bought a beef jerky for 19 gold pieces
 30674 | Orc:4    | Bought a beef jerky for 19 gold pieces
 30676 | Orc:4    | Bought a scroll of acquirement for 676 gold pieces
 30684 | Orc:4    | Bought a scroll of blinking for 97 gold pieces
 30878 | Orc:4    | Found a burning altar of Makhleb.
 31204 | D:14     | Reached skill level 7 in Fighting
 31767 | D:14     | Reached skill level 8 in Fighting
 31787 | D:14     | Found a gate to the Vaults.
 32342 | D:15     | Entered Level 15 of the Dungeon
 32342 | D:15     | Found Skuako's Assorted Antiques.
 32353 | D:15     | Bought a garnet ring for 180 gold pieces
 32418 | D:15     | Found a staircase to the Depths.
 32428 | D:15     | Reached skill level 9 in Fighting
 33262 | Swamp:1  | Entered Level 1 of the Swamp
 33857 | Orc:1    | Bought a book of Party Tricks for 550 gold pieces
 33857 | Orc:1    | Bought a book of Hinderance for 220 gold pieces
 33861 | Orc:1    | Learned a level 1 spell: Summon Butterflies
 33864 | Orc:1    | Learned a level 2 spell: Blink
 33866 | Orc:1    | Learned a level 1 spell: Apportation
 33870 | Orc:1    | Learned a level 3 spell: Confuse
 34320 | Orc:1    | Bought a book of Dreams for 825 gold pieces
 34826 | Swamp:1  | Noticed Frances
 34852 | Swamp:1  | Gained mutation: You tend to lose your temper in combat. [a neqoxec]
 34859 | Swamp:1  | Lost mutation: You tend to lose your temper in combat. [potion of cure mutation]
 34859 | Swamp:1  | Lost mutation: Your muscles are strong. (Str +2) [potion of cure mutation]
 34941 | Swamp:1  | Reached skill level 1 in Hexes
 35148 | Swamp:1  | Reached skill level 2 in Hexes
 35526 | Swamp:1  | Identified a wand of heal wounds {zapped: 1} (You found it on level 1 of the Swamp)
 35529 | Swamp:1  | Reached skill level 3 in Hexes
 35833 | Swamp:2  | Reached skill level 23 in Stealth
 36464 | Swamp:3  | HP: 4/101 [alligator (23)]
 36464 | Swamp:3  | Slain by an alligator

Vanquished Creatures
  Josephine (D:13)
  A vault guard (D:14)
  Fannar (Lair:3)
  2 ice dragons (D:15)
  Harold (Lair:1)
  Nessos (D:12)
  5 hydras
  A shambling mangrove (Swamp:3)
  A centaur warrior (D:13)
  Erica (Lair:8)
  3 alligators (Swamp:2)
  2 tengu warriors (D:15)
  The ghost of bronies4ever the Covert, a powerful VSEn of Cheibriados (IceCv)
  2 orc high priests (Orc:4)
  8 death yaks
  2 swamp dragons
  Erolcha (Orc:1)
  3 hill giants
  3 ice statues (IceCv)
  4 orc sorcerers (Orc:4)
  3 red wasps
  3 orc knights (Orc:4)
  2 griffons
  2 cyclopes
  2 ugly things
  15 elephants
  4 black mambas
  A torpor snail (Lair:5)
  12 spiny frogs
  A centaur skeleton (D:13)
  5 komodo dragons
  A kobold demonologist (D:14)
  2 fire drakes
  3 trolls
  2 two-headed ogres (D:9)
  A merfolk (D:10)
  Sonja (D:13)
  A tengu conjurer (D:14)
  A catoblepas zombie (D:10)
  Prince Ribbit (D:6)
  A giant leech (Swamp:1)
  A bog body (Swamp:2)
  A boulder beetle (Lair:6)
  A baby alligator (Swamp:2)
  5 ravens
  12 blink frogs
  A trapdoor spider (D:12)
  5 slime creatures
  32 yaks
  5 wyverns
  A hill giant zombie (D:11)
  3 hungry ghosts
  A wraith (D:12)
  7 hippogriffs
  A hill giant skeleton (D:9)
  9 swamp worms
  7 vampire mosquitoes (Swamp:1)
  Menkaure (D:5)
  9 wolves
  15 orc warriors
  8 porcupines
  18 water moccasins
  2 swamp drakes
  A black bear (Lair:5)
  20 ice beasts
  3 phantoms
  A necrophage (D:8)
  2 yellow wasps
  A boring beetle (Lair:7)
  8 ogres
  10 centaurs
  2 big kobolds
  Duvessa (D:5)
  3 elf zombies
  9 crocodiles
  A tengu simulacrum (D:13)
  A brain worm (Lair:7)
  A yaktaur skeleton (D:13)
  A wyvern skeleton (D:11)
  19 giant frogs
  A cyclops skeleton (D:11)
  2 scorpions
  A troll zombie (D:13)
  A hippogriff zombie (D:13)
  5 wights
  A hippogriff skeleton (D:12)
  10 killer bees
  5 electric eels
  2 goliath beetles
  A yak skeleton (Orc:4)
  A centaur zombie (Ossuary)
  A giant frog zombie (D:7)
  Dowan (D:5)
  9 crimson imps
  A giant frog skeleton (D:8)
  A quasit (D:10)
  A gnoll shaman (D:5)
  2 jellies
  18 orc priests
  6 iguanas
  16 hounds
  8 worker ants
  23 orc wizards
  A killer bee zombie (D:5)
  13 sheep
  A big kobold zombie (Ossuary)
  A mottled dragon zombie (D:12)
  Ijyb (D:3)
  2 sky beast zombies
  2 mummies (Ossuary)
  26 adders
  10 gnolls
  48 green rats
  2 shadow imps
  9 white imps (Lair:6)
  A giant mite (D:2)
  4 worms
  An adder zombie (Ossuary)
  An iguana skeleton (D:5)
  An ooze (D:3)
  106 orcs
  22 bats
  6 giant cockroaches
  16 hobgoblins
  8 jackals
  23 kobolds
  12 quokkas
  3 ball pythons
  5 giant geckos
  A giant gecko zombie (D:5)
  4 giant newts
  25 goblins
  3 goblin zombies
  6 hobgoblin zombies (Ossuary)
  A jackal zombie (Ossuary)
  7 kobold zombies (Ossuary)
  15 orc zombies
  A quokka zombie (D:5)
  17 rats
  3 rat skeletons
  4 rat zombies
  6 ballistomycetes
  A plant (Lair:6)
873 creatures vanquished.

Vanquished Creatures (collateral kills)
  3 hydras
  A centaur warrior (D:13)
  5 death yaks
  2 hill giants (D:10)
  An ugly thing (D:10)
  A griffon (Lair:6)
  3 slime creatures
  9 elephants
  7 spiny frogs
  A komodo dragon (Lair:4)
  An efreet (D:13)
  A polar bear (Lair:4)
  2 trolls
  A baby alligator (Swamp:2)
  A raven (D:15)
  9 blink frogs
  2 basilisks (Lair:2)
  27 yaks
  3 redbacks (Lair:5)
  A wraith (D:10)
  A hippogriff (Lair:2)
  3 swamp worms (Lair:6)
  6 wolves
  2 water moccasins
  A porcupine (Lair:5)
  3 orc warriors (Orc:4)
  A swamp drake (Swamp:1)
  A yellow wasp (D:10)
  A necrophage (D:10)
  An ice beast (IceCv)
  A boring beetle (Lair:6)
  2 giant frogs
  An electric eel (Lair:6)
  A yak skeleton (Orc:4)
  An orc priest (Orc:4)
  2 orc wizards
  13 sheep
  3 adders
  4 green rats
  3 white imps (Lair:6)
  An orc (Orc:4)
  8 rat skeletons (Orc:4)
  A fungus (Lair:8)
  A plant (Lair:6)
143 creatures vanquished.

Vanquished Creatures (others)
  2 vault guards (D:14)
  4 death yaks (Lair:7)
  An orc knight (Orc:4)
  2 elephants (Lair:7)
  2 trolls
  A fire elemental (IceCv)
  A yak (D:12)
  A hippogriff (D:12)
  A vampire mosquito (Swamp:1)
  A water moccasin (Swamp:1)
  111 ice beasts
  A big kobold (D:12)
  2 cyclops zombies
  A hound (D:8)
  A worker ant (D:14)
  A sheep (Lair:6)
  2 orcs
  3 giant spores
  A goblin (Orc:4)
  A rat skeleton (Orc:4)
  3 ballistomycetes (D:9)
  2 butterflies (Swamp:1)
  8 fungi
  6 plants
159 creatures vanquished.

Grand Total: 1175 creatures vanquished
